 Dungeon Crawl Stone Soup version 0.22-a0-247-gbddf880 (webtiles) character file.

8383 teukkam the Grappler (level 11, -4/178 HPs)
             Began as a Troll Monk on Feb 23, 2018.
             Slain by a wyvern (8 damage)
             ... on level 5 of the Lair of Beasts.
             The game lasted 00:23:22 (4225 turns).

teukkam the Grappler (Troll Monk)                   Turns: 4225, Time: 00:23:23

Health: -4/178     AC: 25    Str: 24    XL:     11   Next: 9%
Magic:  10/10      EV:  1    Int:  6    God:
Gold:   225        SH:  0    Dex: 15    Spells: 10/10 levels left

rFire    + . .     SeeInvis .     - Unarmed
rCold    . . .     Gourm    +   (no shield)
rNeg     + + +     Faith    .   (armour currently unavailable)
rPois    +         Spirit   .   (helmet currently unavailable)
rElec    .         Reflect  .   (cloak currently unavailable)
rCorr    .         Harm     .   (gloves unavailable)
MR       .....     NoTele   +   (boots unavailable)
Stlth    ++........             (no amulet)
HPRegen  0.79/turn              n - ring of protection from fire
MPRegen  0.12/turn              t - +3 ring of dexterity

@: tree-form, hasted, studying Axes, very quick
A: large, unfitting armour, fast metabolism 3, gourmand, regeneration 1
a: no special abilities


You were on level 5 of the Lair of Beasts.
You were very full.
You were a tree.
You visited 2 branches of the dungeon, and saw 15 of its levels.

You collected 225 gold pieces.

Inventory:

Hand Weapons
 d - a +2 whip of flaming
 j - a +0 hand axe
 l - a +0 hunting sling
 y - a cursed -2 short sword
Missiles
 f - 13 poisoned needles
 m - 225 stones
 o - 2 exploding tomahawks
 x - 3 javelins (quivered)
Armour
 g - a +2 robe of cold resistance
 h - a +0 cloak (melded)
 v - +1 swamp dragon scales (melded)
Jewellery
 n - a ring of protection from fire (left branch)
 t - a +3 ring of dexterity (right branch)
 u - an uncursed ring of ice
Wands
 e - a wand of digging (12)
 q - a wand of polymorph (9)
Scrolls
 a - 6 scrolls of remove curse
 c - a scroll of enchant armour
 k - 6 scrolls of identify
 w - a scroll of fog
Potions
 i - a potion of lignification
 r - a potion of mutation {unknown}
Books
 z - a manual of Axes
Comestibles
 b - 13 rations
 s - 2 chunks of flesh


   Skills:
 + Level 10.9 Fighting
 + Level 2.7 Axes
 - Level 2.8 Dodging
 - Level 1.1 Stealth
 + Level 12.7 Unarmed Combat


You had 10 spell levels left.
You didn't know any spells.

Dungeon Overview and Level Annotations

Branches:
Dungeon (9/15)               Lair (6/6) D:8
 Temple: D:4-7        Swamp: Lair:2-4    Shoals: Lair:2-4     Snake: Lair:2-4
 Spider: Lair:2-4     Slime: Lair:5-6       Orc: D:9-12

Altars:
Nemelex Xobeh

Annotations:
D:2 Sigmund


Innate Abilities, Weirdness & Mutations

You are too large for most types of armour.
((You have claws for hands.))
Your metabolism is lightning-fast.
You like to eat raw meat.
Your natural rate of healing is unusually fast.
((You are covered in fur. (AC +1)))
((You have very tough skin. (AC +2)))


Message History

You barely miss the black mamba.
The black mamba is moderately wounded.
You thrash the black mamba!!!
You kill the black mamba!
You hear a loud, deep croak!
The wyvern bites you.
* * * LOW HITPOINT WARNING * * *
You hit the wyvern but do no damage. The wyvern bites you!
* * * LOW HITPOINT WARNING * * *
You hit the wyvern but do no damage.
The wyvern bites you but does no damage.
You hit the wyvern.
The wyvern is moderately wounded.
The wyvern bites you but does no damage.
You smack the wyvern!
The wyvern is heavily wounded.
You closely miss the wyvern. You punch the wyvern.
The wyvern is heavily wounded.
The wyvern bites you!
You die...

...#..#...8.).8......
.P....#
...'..#..D..<........+
P.t..###
#..#..#...8...8...#..#
#....#
##.#..##.............
#.<..
#.###.....#...##.#..#
##...
.#.###.....##.#....#
.#.#
.....#............# ..
## .........#.....##.#
...
.........###+.##♣##
....
......#####...##†l#
#..#P .P#P.#.#
#.....#.### #####
.###.### #8.<.8.#..##
#.###..#
#.....#....### ###
.....#.8.##.#..#.##
##.....#######.....P#
###....##
#..#.#......# #.#...#
###..........## ..


You could see a wyvern.

Vanquished Creatures
  A two-headed ogre (D:8)
  2 black mambas (Lair:5)
  4 spiny frogs
  A komodo dragon (Lair:4)
  A polar bear (Lair:5)
  2 hippogriffs
  A wyvern (D:8)
  A yak (D:8)
  A basilisk (D:8)
  6 water moccasins
  2 porcupines
  2 ice beasts (D:8)
  An orc warrior (D:8)
  2 black bears
  An ogre (D:6)
  2 wolves (Lair:1)
  2 centaurs
  A crocodile (Lair:5)
  7 bullfrogs
  Blork the orc (D:5)
  A water moccasin zombie (D:5)
  A scorpion (D:7)
  A crimson imp (D:9)
  The ghost of varam the Sneak, a weakling OpFE (D:3)
  A bullfrog zombie (D:8)
  A jelly (D:5)
  A quasit (D:8)
  3 orc priests (D:8)
  2 centaur skeletons
  2 hounds
  2 orc wizards (D:8)
  A bullfrog skeleton (D:8)
  2 iguanas (D:5)
  2 worker ants (D:5)
  A hound skeleton (D:9)
  5 adders
  3 gnolls (D:5)
  2 shadow imps
  2 adder skeletons
  3 worms
  3 leopard geckos
  11 orcs
  2 giant cockroaches
  5 goblins
  6 hobgoblins
  5 kobolds
  A quokka (D:2)
  A ball python (D:4)
  5 bats
  7 frilled lizards
  6 rats
130 creatures vanquished.

Vanquished Creatures (others)
  A leopard gecko (D:3)
  4 fungi
  8 plants
13 creatures vanquished.

Grand Total: 143 creatures vanquished

Notes
Turn   | Place    | Note
-------+----------+-------------------------------------------
     0 | D:1      | teukkam the Troll Monk began the quest for the Orb.
     0 | D:1      | Reached XP level 1. HP: 22/22 MP: 0/0
   108 | D:2      | Reached XP level 2. HP: 27/29 MP: 1/1
   131 | D:2      | Noticed Sigmund
   392 | D:2      | Reached XP level 3. HP: 23/36 MP: 2/2
  1003 | D:3      | Noticed varam's ghost (weakling OpFE)
  1010 | D:3      | Killed varam's ghost
  1010 | D:3      | Reached XP level 4. HP: 38/45 MP: 3/3
  1131 | D:3      | Reached skill level 4 in Unarmed Combat
  1233 | D:5      | Entered Level 5 of the Dungeon
  1441 | D:4      | Reached XP level 5. HP: 50/53 MP: 4/4
  1684 | D:7      | Noticed a black bear
  1699 | D:7      | Reached skill level 5 in Unarmed Combat
  1769 | D:7      | Killed a black bear
  1769 | D:7      | Reached XP level 6. HP: 60/63 MP: 5/5
  1811 | D:8      | Noticed an ice beast
  1825 | D:8      | Killed an ice beast
  1886 | D:8      | Reached XP level 7. HP: 69/71 MP: 6/6
  1927 | D:8      | Reached skill level 5 in Fighting
  1927 | D:8      | Reached skill level 6 in Unarmed Combat
  1998 | D:8      | Noticed a two-headed ogre
  2014 | D:8      | Killed a two-headed ogre
  2014 | D:8      | Reached skill level 7 in Unarmed Combat
  2014 | D:8      | Reached XP level 8. HP: 84/84 MP: 7/7
  2089 | D:8      | Reached skill level 8 in Unarmed Combat
  2104 | D:8      | Found a staircase to the Lair.
  2104 | D:8      | Noticed a hippogriff
  2253 | D:8      | HP: 2/87 [ice beast (7)]
  2263 | D:8      | Reached skill level 11 in Unarmed Combat
  2263 | D:8      | Reached XP level 9. HP: 9/101 MP: 8/8
  2292 | D:7      | Found a sparkling altar of Nemelex Xobeh.
  2551 | D:5      | Noticed Blork the orc
  2573 | D:5      | Killed Blork the orc
  2682 | D:5      | Reached skill level 10 in Fighting
  2682 | D:5      | Reached XP level 10. HP: 110/110 MP: 9/9
  2987 | Lair:1   | Entered Level 1 of the Lair of Beasts
  2987 | Lair:1   | Noticed a spiny frog
  2987 | Lair:1   | Noticed a spiny frog
  2989 | Lair:1   | Noticed a spiny frog
  2992 | Lair:1   | Noticed a spiny frog
  2994 | Lair:1   | Killed a spiny frog
  2994 | Lair:1   | Reached skill level 12 in Unarmed Combat
  3010 | Lair:1   | HP: 5/110 [poisoned by a spiny frog]
  3015 | Lair:1   | HP: 5/110 [poisoned by a spiny frog]
  3021 | Lair:1   | HP: 5/110 [poisoned by a spiny frog]
  3219 | Lair:1   | Noticed a spiny frog
  3247 | Lair:1   | Noticed a spiny frog
  3258 | Lair:1   | Killed a spiny frog
  3263 | Lair:1   | Killed a spiny frog
  3704 | Lair:5   | Noticed a spiny frog
  3708 | Lair:5   | Killed a spiny frog
  3906 | Lair:6   | Entered Level 6 of the Lair of Beasts
  3988 | Lair:5   | Reached skill level 1 in Axes
  3997 | Lair:5   | Noticed a black mamba
  4008 | Lair:5   | Killed a black mamba
  4148 | Lair:5   | Reached XP level 11. HP: 65/119 MP: 10/10
  4156 | Lair:6   | Noticed a death yak
  4156 | Lair:6   | Noticed a death yak
  4156 | Lair:6   | Noticed a death yak
  4156 | Lair:6   | Noticed a death yak
  4156 | Lair:6   | Noticed a death yak
  4156 | Lair:6   | Noticed a six-headed hydra
  4221 | Lair:5   | HP: 2/178 [wyvern (7)]
  4225 | Lair:5   | Slain by a wyvern

Vault maps used:
D:1:      saegor_arrival_simple_c
D:2:      minmay_roachtagon, uniq_sigmund
D:3:      gup_sewer_entry_bubbles, first_ration, kennysheep_generic_room_16
D:4:      patterned_corridor
D:5:      nicolae_underground_beach, uniq_blork_the_orc, uniq_pikel, uniq_edmund
D:6:      temple_hall
D:7:      gammafunk_temple_overflow_forgotten, uniq_crazy_yiuf_cottage
D:8:      david_lair_generic, david_nohive_1
D:9:      kennysheep_mini_moat, special_room, serial_bayou_lagoon_a
Lair:2:   serial_bayou_shore_b
Lair:3:   swamp_mist_pool, forest_entry_grove
Lair:4:   minmay_snake_entry_guardpost_small, lab_entry_generic
Lair:5:   gammafunk_cloud_chamber, dpeg_slime_entry_corner, grunt_megastairs_2
Lair:6:   hangedman_lair_tendril_chambers, minmay_stone_trees_small,
          dpeg_oklob_1, uniq_nessos

Skill      XL: |  1  2  3  4  5  6  7  8  9 10 |
---------------+-------------------------------+-----
Fighting       | 3 4 6 9 10 | 10.9
Unarmed Combat | 4 5 7 11 12 | 12.7
Axes           | 2 |  2.7
Dodging        | |  2.8
Stealth        | |  1.1

Action                   |  1- 3 |  4- 6 |  7- 9 | 10-12 || total
-------------------------+-------+-------+-------+-------++-------
Melee: Unarmed           |    77 |    97 |    95 |   133 ||   402
       Punch             |       |     4 |     7 |     9 ||    20
       Whip              |       |       |    12 |     5 ||    17
 Fire: Hunting sling     |       |       |       |     2 ||     2
Throw: Throwing net      |       |       |     2 |       ||     2
       Tomahawk          |       |       |     2 |     2 ||     4
       Javelin           |       |       |       |     3 ||     3
  Use: Scroll            |     5 |       |       |     6 ||    11
       Potion            |       |       |     7 |     3 ||    10
 Stab: Sleeping          |     2 |     3 |       |     1 ||     6
       Invisible         |       |       |       |     1 ||     1
  Eat: Chunk             |    15 |     6 |     6 |    17 ||    44
Armor: Robe              |    24 |    39 |    42 |    13 ||   118
       Skin              |       |       |     5 |    12 ||    17
       Swamp dragon scal |       |       |       |    39 ||    39
Dodge: Dodged            |    47 |    63 |    71 |    68 ||   249

Table legend:
 A = Spawn XP
 B = Non-spawn XP
 C = Spawn XP percentage of total XP
 D = Spawn monster count
 E = Non-spawn monster count
 F = Spawn count percentage of total count
 G = Total turns spent on level
                    A         B        C        D         E        F      G
               +---------+---------+-------+---------+---------+-------+---------
         Total |       0 |    9588 |   0.0 |       0 |     130 |   0.0 |  4225
               +---------+---------+-------+---------+---------+-------+---------
           D:1 |       0 |      21 |   0.0 |       0 |      13 |   0.0 |   300
           D:2 |       0 |      23 |   0.0 |       0 |       8 |   0.0 |   141
           D:3 |       0 |      99 |   0.0 |       0 |      24 |   0.0 |   718
           D:4 |       0 |      63 |   0.0 |       0 |       6 |   0.0 |   355
           D:5 |       0 |     468 |   0.0 |       0 |      14 |   0.0 |   378
           D:6 |       0 |     371 |   0.0 |       0 |       5 |   0.0 |   191
           D:7 |       0 |     294 |   0.0 |       0 |       4 |   0.0 |   269
           D:8 |       0 |    2814 |   0.0 |       0 |      28 |   0.0 |   520
           D:9 |       0 |      72 |   0.0 |       0 |       3 |   0.0 |   115
        Lair:1 |       0 |    1750 |   0.0 |       0 |       8 |   0.0 |   331
        Lair:2 |       0 |     231 |   0.0 |       0 |       2 |   0.0 |   104
        Lair:4 |       0 |     756 |   0.0 |       0 |       4 |   0.0 |   131
        Lair:5 |       0 |    2376 |   0.0 |       0 |      10 |   0.0 |   474
        Lair:6 |       0 |     250 |   0.0 |       0 |       1 |   0.0 |    63
               +---------+---------+-------+---------+---------+-------+---------
